AoeStats
← 騷護士

African Clearing

510513157Analyzed
4v4 RM · 2d ago on Oct 1, 2026· 29m 13s· 8 players
Game mode
Random Map
Map size
Large (8 player)
Population
200
Speed
Normal
Resources
Standard
Victory
Conquest
Starting age
Dark Age
Ending age
Imperial Age
RankedLock teamsTeams togetherTeam positionsShared explorationLock speedFull tech treeHidden civsTurbo modeCheats
Victory
Defeat
🇨🇳 Huns · China
1654
+10
🇨🇳 Magyars · China
1574
+13
🇨🇳 Magyars · China
1569
+13
🇩🇪 Saxons · Germany
1566
+13
🇻🇳 Magyars · Vietnam
1541
-13
🇻🇳 Mongols · Vietnam
1531
-13
🇹🇼 Varangians · Taiwan
1527
-13
🇨🇳 Saxons · China
1452
-10
timembh
11:52 Loom
14:34 Feudal Age
18:14 Castle Age
18:01 Double-Bit Axe
25:22 Horse Collar
27:34 Gold Mining
28:43 Wheelbarrow
28:18 Fletching
luanb10
13:18 Feudal Age
14:48 Double-Bit Axe
14:49 Horse Collar
17:18 Castle Age
15:25 Fletching
27:14 Bow Saw
27:54 Bodkin Arrow
騷護士
6:09 Loom
12:39 Feudal Age
18:40 Castle Age
18:12 Town Watch
20:11 Wheelbarrow
19:43 Scale Barding Armor
.
13:29 Feudal Age
13:34 Loom
13:55 Double-Bit Axe
20:31 Castle Age
20:23 Horse Collar
22:09 Heavy Plow
23:53 Wheelbarrow
25:22 Hand Cart
27:28 Elite Skirmisher
28:01 Fletching
Kylo
7:18 Loom
11:37 Feudal Age
12:04 Horse Collar
12:13 Double-Bit Axe
20:58 Castle Age
19:17 Gold Mining
19:20 Stone Mining
23:15 Town Watch
25:14 Scale Mail Armor
25:24 Forging
LUCKY
3:55 Loom
12:17 Feudal Age
13:50 Double-Bit Axe
17:00 Castle Age
15:18 Horse Collar
18:07 Bow Saw
19:03 Town Watch
21:00 Wheelbarrow
21:02 Heavy Plow
22:34 Hand Cart
25:41 Padded Archer Armor
25:32 Fletching
25:39 Elite Skirmisher
27:54 Ballistics
29:03 Stone Mining
29:11 Gold Mining
只会打步弓
10:30 Loom
12:55 Feudal Age
13:44 Double-Bit Axe
20:43 Castle Age
18:40 Gold Mining
18:50 Horse Collar
21:00 Bloodlines
21:32 Heavy Plow
24:20 Fletching
27:33 Bodkin Arrow
30:16 Wheelbarrow
小胖子
11:17 Feudal Age
12:04 Double-Bit Axe
13:34 Horse Collar
19:38 Castle Age
19:03 Fletching
19:52 Bloodlines
20:31 Bodkin Arrow
20:53 Padded Archer Armor
20:54 Loom
25:33 Leather Archer Armor
28:18 Ballistics
Connection lost

Rejoining the realm…

Still unreachable

The connection could not be restored.

Session expired

The server has moved on; the page needs a fresh start.